 Dungeon Crawl Stone Soup version 0.29-a0-1043-g569b05d6ff (webtiles) character file.

Game seed: 433119880308443683

1155 pyrow613 the Trooper (level 8, 71/71 HPs)
             Began as a Purple Draconian Berserker on July 22, 2022.
             Was a Believer of Trog.
             Got out of the dungeon alive.
             The game lasted 00:20:21 (5067 turns).

pyrow613 the Trooper (Purple Draconian Berserker)   Turns: 5067, Time: 00:20:22

Health: 71/71      AC: 14    Str: 21    XL:     8   Next: 16%
Magic:  8/8        EV: 13    Int:  7    God:    Trog [**....]
Gold:   213        SH:  0    Dex: 17    Spells: 7/7 levels left

rFire   . . .      SeeInvis .   a - +6 dagger "Takotwin" {flame, rN+ Dex+5}
rCold   . . .      Faith    .   (no shield)
rNeg    + . .      Spirit   .   (body armour unavailable)
rPois   +          Reflect  .   (helmet restricted)
rElec   .          Harm     .   (no cloak)
rCorr   .          Rampage  .   f - +0 pair of gloves
Will    +....                   p - +2 pair of boots
Stlth   ++........              (no amulet)
HPRegen 0.21/turn               j - +4 ring of protection
MPRegen 0.11/turn               s - ring of poison resistance

@: no status effects
A: breathe power, AC +6, unfitting armour, cold-blooded
a: Breathe Dispelling Energy, Renounce Religion, Berserk, Trog's Hand


You escaped.
You worshipped Trog.
Trog was pleased with you.
You visited 1 branch of the dungeon, and saw 6 of its levels.
You also visited: Sewer.

You collected 213 gold pieces.

Inventory:

Hand Weapons
 a - the +6 dagger "Takotwin" (weapon) {flame, rN+ Dex+5}
   (You found it on level 3 of the Dungeon)

   It burns those it strikes, dealing additional fire damage.
   Dex:       It affects your dexterity (+5).
   rN:        It protects you from negative energy.
 b - a +1 whip of venom
 m - a +0 sling
 z - a +0 hand axe
Missiles
 h - 3 silver javelins
 i - 12 boomerangs (quivered)
 l - 2 poisoned darts
 t - 6 atropa-tipped darts
Armour
 f - a +0 pair of gloves (worn)
 p - a +2 pair of boots (worn)
Jewellery
 j - a +4 ring of protection (left hand)
 r - a ring of fire
 s - a ring of poison resistance (right hand)
 w - an amulet of magic regeneration
 A - a +4 ring of protection
 F - the amulet "Miytt" {Acrobat Rampage rCorr}
   (You found it on level 4 of the Dungeon)

   [amulet of the acrobat]

   It increases your evasion while moving and waiting.
   rCorr:     It protects you from acid and corrosion.
   Rampage:   It bestows one free step when moving towards enemies.
 G - a ring of flight
Scrolls
 g - a scroll of identify
 u - a scroll of poison {unknown}
 x - 3 scrolls of immolation
 C - 5 scrolls of teleportation {unknown}
 E - a scroll of noise {unknown}
Potions
 c - a potion of lignification
 d - 3 potions of curing
 e - a potion of attraction {unknown}
 k - a potion of resistance {unknown}
 n - 2 potions of flight
 o - 3 potions of heal wounds
 q - a potion of brilliance {unknown}
 v - a potion of haste {unknown}
 B - a potion of might {unknown}
 D - a potion of invisibility {unknown}


   Skills:
 + Level 6.9 Fighting
 * Level 5.1 Short Blades
 - Level 6.6 Axes
 - Level 2.6 Dodging


You had 7 spell levels left.
You didn't know any spells.
Your spell library was empty.

Dungeon Overview and Level Annotations

Branches:
Dungeon (6/15)              Sewer (visited)
 Temple: D:4-7

Altars:
Fedhas
Ru
Vehumet

Annotations:
D:3 1 runed translucent door


Innate Abilities, Weirdness & Mutations

You can breathe bolts of dispelling energy.
Your rich purple scales are hard. (AC +6)
You cannot fit into any form of body armour.
You are cold-blooded and may be slowed by cold attacks.


Message History

No target in view!
No target in view!
No target in view!
No target in view!
No target in view!
No target in view!
No target in view!
No target in view!
No target in view!
No target in view!
No target in view!
No target in view!
No target in view!
No target in view!
No target in view!
No target in view!
No target in view!
No target in view!
No target in view!
No target in view!
No target in view!
No target in view!
No target in view!
No target in view!
No target in view!
No target in view!
No target in view!
No target in view!
No target in view!
No target in view!
No target in view!
No target in view!
No target in view!
There is an escape hatch in the ceiling here.
You see here a dart slug corpse.
A mysterious force pulls you upwards. The hatch slams shut behind you.
You see here a +0 club.
There is a staircase leading out of the dungeon here.
Are you sure you want to leave the Dungeon?
This will make you lose the game!
You have escaped!

# ##.......##........#..........#
# #.........###.###.###.#....#..#
# #....♣....##..(...##.......#..#
# #................###..#....#..#
# ##.......######### #.......#..#
# ###...######...####....)..#...
# ####.### ##.......##.#.##..#.#.
###...### #.........#.#.##..#.#.
#.......####....@....#.#.....#...
.........##..........#.#.##..####
....♣......##.......##.#.##......
.........######...####.#.##..####
#.......###########....#####>....
###...###......#...............##
####### #........##.#########....
...# #..###.####.# #........ ##.#
#....#.# #.# #.##.....


There were no monsters in sight!

Vanquished Creatures
  An ice beast (D:5)
  An ogre (D:4)
  The ghost of alksdfjalsdfasdf the Shooter, an amateur DgAM (D:3)
  2 necrophages
  A kobold brigand (Sewer)
  A bullfrog (D:3)
  A scorpion (D:5)
  5 killer bees (D:5)
  An orc priest (D:5)
  A hound (D:4)
  3 iguanas
  An orc wizard (D:3)
  5 adders
  5 river rats
  A white imp (D:5)
  4 worms
  5 dart slugs
  8 orcs
  5 endoplasms
  3 giant cockroaches
  7 goblins
  7 hobgoblins
  10 jackals
  2 quokkas (D:3)
  2 ball pythons
  3 bats
  3 frilled lizards (D:1)
  9 kobolds
  9 rats
107 creatures vanquished.

Notes
Turn   | Place    | Note
-------+----------+-------------------------------------------
     0 | D:1      | pyrow613 the Draconian Berserker began the quest for the
                  | Orb.
     0 | D:1      | Reached XP level 1. HP: 19/19 MP: 1/1
   429 | D:1      | Reached XP level 2. HP: 21/26 MP: 2/2
   993 | D:1      | Reached XP level 3. HP: 33/33 MP: 3/3
  1593 | D:2      | You fall into a shaft and drop 2 floors!
  1610 | D:4      | Reached XP level 4. HP: 40/40 MP: 4/4
  1830 | D:4      | Reached skill level 5 in Axes
  1971 | D:4      | Found a glowing drain.
  1978 | Sewer    | Entered a sewer
  1987 | Sewer    | Reached ** piety under Trog
  1990 | Sewer    | Reached XP level 5. HP: 34/47 MP: 5/5
  2145 | Sewer    | Upgraded the game from 0.29-a0-892-g2c4c91d9db to
                  | 0.29-a0-919-gd064cfad1c
  2188 | Sewer    | Found a white marble altar of Elyvilon.
  2454 | D:4      | Found a sacrificial altar of Ru.
  2454 | D:4      | Found a faded altar of an unknown god.
  2459 | D:4      | Found a faded altar of an unknown god.
  2535 | D:3      | Reached skill level 5 in Fighting
  2596 | D:3      | Upgraded the game from 0.29-a0-919-gd064cfad1c to
                  | 0.29-a0-923-g6e406bff71
  2631 | D:3      | Reached XP level 6. HP: 46/56 MP: 6/6
  2975 | D:3      | Found a runed translucent door.
  2975 | D:3      | Noticed alksdfjalsdfasdf's ghost (amateur DgAM)
  3013 | D:3      | Killed alksdfjalsdfasdf's ghost
  3017 | D:3      | Found a runed translucent door.
  3019 | D:3      | Identified the +6 dagger "Takotwin" {flame, rN+ Dex+5}
  3527 | D:4      | Identified the amulet "Miytt" {Acrobat Rampage rCorr}
  3637 | D:4      | Reached skill level 1 in Short Blades
  3637 | D:4      | Your scales start taking on a rich purple colour.
  3637 | D:4      | Reached XP level 7. HP: 57/62 MP: 7/7
  3776 | D:4      | Found a radiant altar of Vehumet.
  3778 | D:4      | Found a blossoming altar of Fedhas.
  4045 | D:5      | Entered Level 5 of the Dungeon
  4679 | D:5      | Reached XP level 8. HP: 28/71 MP: 8/8
  4947 | D:5      | Reached skill level 5 in Short Blades
  4956 | D:5      | Upgraded the game from 0.29-a0-923-g6e406bff71 to
                  | 0.29-a0-925-g0a7a3d12f8
  4956 | D:5      | Upgraded the game from 0.29-a0-925-g0a7a3d12f8 to
                  | 0.29-a0-1043-g569b05d6ff
  5067 | D:$      | Got out of the dungeon alive.

Illustrated notes

Levels and vault maps discovered:
D:1:      dpeg_arrival_three_same_balls, layout_basic, grunt_decor_clamped,
          supply_closet_lemuel
D:2:      layout_rooms, chequers_ecumenical_altar_twisty,
          minmay_shallow_snake_nest, uniq_crazy_yiuf_cottage
D:3:      layout_loops_corners, ebering_ghost_sewer_f, minmay_misc_feat_plants,
          hex_tiny, st_stairs_12, hangedman_decor_clover_reticule,
          minmay_misc_feat_five
D:4:      layout_loops_ring, chequers_temple_overflow_minitemple,
          lightli_sewer_entry_pipes
D:5:      layout_rooms, kennysheep_generic_room_10
D:6:      layout_cave_pools, minmay_temple_entry_mini_moons, serial_gnoll_camp,
          gnoll_camp_mini_hut, gnoll_camp_mini_hut, gnoll_camp_mini_doghouse,
          gnoll_camp_mini_doghouse, gammafunk_ghost_cemetery,
          minmay_shop_damaged, kennysheep_generic_room_5, uniq_duvessa

Skill      XL: |  1  2  3  4  5  6  7  8 |
---------------+-------------------------+-----
Axes           | 4 5 6 |  6.6
Fighting       | 4 5 6 |  6.9
Short Blades   | 1 4 5 |  5.1
Dodging        | |  2.6

Action                   |  1- 3 |  4- 6 |  7- 9 || total
-------------------------+-------+-------+-------++-------
Melee: Hand axe          |   100 |    73 |       ||   173
       Tailslap          |    11 |    30 |    11 ||    52
       Punch             |     1 |     1 |       ||     2
       Whip              |       |    79 |    24 ||   103
       Dagger            |       |    15 |    68 ||    83
 Fire: Sling             |    28 |    22 |       ||    50
Throw: Boomerang         |       |    14 |     7 ||    21
Invok: Berserk           |     1 |     2 |     1 ||     4
       Trog's Hand       |       |     1 |       ||     1
  Use: Scroll            |     1 |     2 |     5 ||     8
 Stab: Sleeping          |       |       |     1 ||     1
Armor: Skin              |    29 |    43 |    71 ||   143
Dodge: Dodged            |    67 |    92 |    79 ||   238

Table legend: (Time is in decaauts)
 A = Elapsed time spent in this place.
 B = Non-inter-level travel time spent in this place.
 C = Inter-level travel time spent in this place.
 D = Time resting spent in this place.
 E = Time spent auto-exploring this place.
 F = Levels seen in this place.
 G = Mean time per level.
                   A        B        C        D        E       F      G
               +--------+--------+--------+--------+--------+-----+--------+
         Total |   5194 |   4937 |    257 |    586 |   3326 |   7 |  742.0 |
       Dungeon |   4917 |   4660 |    257 |    502 |   3217 |   6 |  819.5 |
         Sewer |    276 |    276 |      0 |     84 |    109 |   1 |  276.0 |
               +--------+--------+--------+--------+--------+-----+--------+

Top non-repeatable levels by time:
     D:1: 1413 daAuts
     D:4: 1313 daAuts
     D:3: 1019 daAuts
     D:5: 912 daAuts
   Sewer: 276 daAuts
     D:2: 244 daAuts
     D:6: 14 daAuts
